 Dungeon Crawl Stone Soup version 0.30.0-5-g1a98f26d00 (webtiles) character file.

Game seed: 11025066549710797506

140 hawla the Firebug (level 5, -1/39 HPs)
             Began as a Meteoran Fire Elementalist on May 12, 2023.
             Slain by a quasit (2 damage)
             ... in a sewer on May 13, 2023.
             The game lasted 00:07:24 (684 turns).

hawla the Firebug (Meteoran Fire Elementalist)       Turns: 684, Time: 00:07:25

Health: -1/39      AC:  2    Str: 10    XL:     5   Next: 77%
Magic:  1/11       EV:  2    Int: 24    God:
Gold:   18         SH:  0    Dex: -2 (14) Spells: 4/11 levels left

rFire   . . .        (no weapon)
rCold   . . .        (no shield)
rNeg    . . .        a - +0 robe
rPois   .            (no helmet)
rElec   .            (no cloak)
rCorr   .            (no gloves)
SInv    .            (no boots)
Will    .....        (no amulet) Stlth
                     b - +6 ring of intelligence
HPRegen 0.26/turn    (no ring)
MPRegen 0.12/turn

%: no passive effects
@: mighty, brilliant, slowed, lost dexterity, glowing, very slow
A: sense surroundings 1, otherworldly, glowing, explore regen
a: no special abilities


You were in a sewer.
You visited 1 branch of the dungeon, and saw 3 of its levels.
You also visited: Sewer.

You collected 18 gold pieces.

Inventory:

Armour
 a - a +0 robe (worn)
Jewellery
 b - a +6 ring of intelligence (left hand)
Potions
 e - a potion of degeneration


   Skills:
 - Level 0.5 Fighting
 - Level 2.7 Dodging
 - Level 1.4 Stealth
 - Level 3.8 Spellcasting
 + Level 3.8 Conjurations
 - Level 4.8 Fire Magic


You had 4 spell levels left.
You knew the following spells:

 Your Spells              Type           Power      Damage    Failure   Level
a - Foxfire               Conj/Fire      100%       2x1d9     1%          1
b - Scorch                Fire           82%        2d8       1%          2
c - Flame Wave            Conj/Fire      38%        2d10      17%         4

Your spell library contained the following spells:

 Spells                   Type           Power      Damage    Failure   Level
 Freeze                   Ice            24%        1d4       10%         1
 Inner Flame              Hex/Fire       24%        N/A       11%         3
 Volatile Blastmotes      Fire/Tloc      48%        2d14      11%         3
 Hailstorm                Conj/Ice       20%        3d6       14%         3
 Frozen Ramparts          Ice            12%        1d2       30%         3


Dungeon Overview and Level Annotations

Branches:
Dungeon (3/15) Zot: 1307    Sewer (1/1) Zot: 402

Altars:

Annotations:
D:3 Sigmund Sewer Grinder


Innate Abilities, Weirdness & Mutations

You passively map a small area around you.
You are easily found by Zot.
You glow in the dark.
You regain HP and MP as you explore.


Message History

The foxfire hits the kobold!
You kill the kobold!
The quasit barely misses you. The quasit closely misses you.
The quasit completely misses you. The quasit misses you.
The quasit claws you but does no damage. x2
Things that are here:
a +0 dagger; a kobold corpse The quasit bites you but does no damage.
The quasit claws you.
You feel clumsy. The quasit misses you. The quasit bites you.
* * * LOW HITPOINT WARNING * * *
You feel clumsy.
You have lost your dexterity.
The quasit claws you.
* * * LOW HITPOINT WARNING * * *
The quasit claws you but does no damage.
The quasit bites you.
* * * LOW HITPOINT WARNING * * *
The quasit barely misses you.
The quasit claws you but does no damage.
The quasit bites you.
* * * LOW HITPOINT WARNING * * *
The quasit claws you but does no damage.
The quasit claws you.
* * * LOW HITPOINT WARNING * * *
The quasit bites you but does no damage.
The quasit claws you.
* * * LOW HITPOINT WARNING * * *
You feel clumsy. The quasit claws you.
* * * LOW HITPOINT WARNING * * *
You feel clumsy. The quasit completely misses you. The quasit claws you.
* * * LOW HITPOINT WARNING * * *
The quasit claws you but does no damage.
You can move again.
Unknown command.
The quasit bites you.
You die...

##### ##...## #.)∩).#
#..)5.# #...@.#
##...##
###.#################
#....†..........)..#~
#≈~.~~K~≈≈~≈~†.~(≈.~≈
#≈≈≈≈≈≈≈~~≈≈≈≈≈≈≈~.#≈
################~≈.##
#≈≈.#≈ #≈~.#≈


You could see a quasit.

Vanquished Creatures
  A quasit (Sewer)
  Jessica (D:3)
  An adder (D:3)
  A shadow imp (Sewer)
  An ufetubus (Sewer)
  4 worms
  4 bats
  A bat zombie (Sewer)
  5 giant cockroaches
  6 goblins
  2 hobgoblins
  3 jackals (D:3)
  2 quokkas
  3 ball pythons (Sewer)
  A frilled lizard (D:1)
  10 kobolds
  2 rats
48 creatures vanquished.

Vanquished Creatures (others)
  105 foxfires
105 creatures vanquished.

Grand Total: 153 creatures vanquished

Notes
Turn   | Place    | Note
-------+----------+-------------------------------------------
     0 | D:1      | hawla the Meteoran Fire Elementalist began the quest for
                  | the Orb.
     0 | D:1      | Reached XP level 1. HP: 14/14 MP: 5/5
    30 | D:1      | Reached XP level 2. HP: 12/20 MP: 1/7
    33 | D:1      | Learned a level 2 spell: Scorch
    43 | D:1      | Reached skill level 4 in Fire Magic
   121 | D:3      | Noticed Jessica
   124 | D:3      | Killed Jessica
   125 | D:3      | Reached XP level 3. HP: 26/26 MP: 3/8
   155 | D:3      | Reached XP level 4. HP: 6/33 MP: 0/10
   180 | D:3      | Identified the +1 short sword "Vuidayn" {vamp, rCorr Dex+2}
   262 | D:3      | Noticed Sigmund
   322 | D:2      | Learned a level 4 spell: Flame Wave
   486 | D:3      | Found a glowing drain.
   490 | Sewer    | Entered a sewer
   542 | Sewer    | Reached XP level 5. HP: 39/39 MP: 8/11
   584 | Sewer    | Found a burning altar of Makhleb.
   593 | Sewer    | Noticed Grinder
   680 | Sewer    | Lost dexterity.
   683 | Sewer    | HP: 1/39 [quasit (1)]
   684 | Sewer    | Slain by a quasit

Illustrated notes

Levels and vault maps discovered:
D:1:      beargit_arrival_greenhouse, layout_loops_cross, minmay_pentomino_x4
D:2:      layout_basic, basic_altar
D:3:      layout_loops_ring, tgw_kikubaaqudgha, gup_sewer_entry_bowl,
          minmay_misc_feat_enclosed, minmay_strange_pillars, uniq_sigmund,
          uniq_jessica
Sewer:    kennysheep_sewer_church

Skill      XL: |  1  2  3  4  5 |
---------------+----------------+-----
Spellcasting   | 3 |  3.8
Fire Magic     | 4 |  4.8
Conjurations   | 2 3 |  3.8
Fighting       | |  0.5
Dodging        | |  2.7
Stealth        | |  1.4

Action                     |  1- 3 |  4- 6 || total
---------------------------+-------+-------++-------
  Melee: Unarmed           |     3 |    12 ||    15
   Cast: Foxfire           |    20 |    39 ||    59
         Scorch            |     6 |    15 ||    21
         Flame Wave        |       |     1 ||     1
    Use: Potion            |     1 |     4 ||     5
         Scroll            |       |     4 ||     4
 Armour: Robe              |     1 |    59 ||    60
  Dodge: Dodged            |    10 |    88 ||    98
